 Dungeon Crawl Stone Soup version 0.17-a0-1900-g45e8110 (webtiles) character file.

149 tp1 the Magician (level 5, -15/28 HPs)
             Began as a Deep Elf Conjurer on Sept 24, 2015.
             Killed from afar by Ijyb (21 damage)
             ... with a wand of cold
             ... on level 3 of the Dungeon.
             The game lasted 00:37:18 (2430 turns).

tp1 the Magician (Deep Elf Conjurer)                Turns: 2430, Time: 00:37:18

Health: -15/28     AC:  2    Str:  6    XL:     5   Next: 9%
Magic:  9/15       EV: 13    Int: 20    God:
Gold:   86         SH:  0    Dex: 15    Spells: 3 memorised, 9 levels left

rFire  . . .     SeeInvis .     (no weapon)
rCold  . . .     Clarity  .     a - +0 robe
rNeg   . . .     SustAt   .     (no shield)
rPois  .         Gourm    .     (no helmet)
rElec  .         Spirit   .     (no cloak)
rCorr  .         Warding  .     (no gloves)
rMut   .         Stasis   .     (no boots)
MR     .....                    (no amulet)
Stlth  ++........               (no ring)
                                (no ring)

@: not resistant to hostile enchantments, unstealthy
A: no striking features
a: no special abilities


You were on level 3 of the Dungeon.
You were not hungry.

You visited 1 branch of the dungeon, and saw 3 of its levels.

You collected 86 gold pieces.

Inventory:

Armour
 a - a +0 robe (worn)
Magical devices
 h - a wand of draining (5)
Scrolls
 d - a scroll of enchant armour {unknown}
 e - 2 scrolls of remove curse
 j - a scroll of enchant weapon {unknown}
Potions
 f - 2 potions of lignification
 g - 2 potions of curing
 i - 2 potions of heal wounds
 k - a potion of might
Books
 b - a book of Conjurations

   Spells                             Type                      Level
   a - Magic Dart                     Conjuration                  1
   b - Searing Ray                    Conjuration                  2
   c - Dazzling Spray                 Conjuration/Hexes            3
   d - Fulminant Prism                Conjuration/Hexes            4
   e - Iskenderun's Mystic Blast      Conjuration                  4
   f - Iskenderun's Battlesphere      Conjuration/Charms           5
Comestibles
 c - 3 bread rations


   Skills:
 - Level 2.5 Dodging
 - Level 2.7 Stealth
 + Level 6.0 Spellcasting
 - Level 5.3 Conjurations


You had 9 spell levels left.
You knew the following spells:

 Your Spells              Type           Power        Failure   Level  Hunger
a - Magic Dart            Conj           ####         1%          1    None
b - Searing Ray           Conj           ####..       1%          2    None
c - Iskenderun's Mystic   Conj           ####....     14%         4    ####...


Dungeon Overview and Level Annotations

Branches:
Dungeon (3/15)

Altars:
Elyvilon
Fedhas

Annotations:
D:3 Ijyb


Message History

Confirm with . or Enter, or press ? or * to list all spells.
Aiming: Magic Dart
Press: ? - help, Shift-Dir - straight line, f - Ijyb
Aim: Ijyb, wearing a ring mail (resting)
The magic dart hits Ijyb.
Ijyb is lightly wounded.
Casting: Magic Dart
Confirm with . or Enter, or press ? or * to list all spells.
Aiming: Magic Dart
Press: ? - help, Shift-Dir - straight line, f/p - Ijyb
Aim: Ijyb, wearing a ring mail (lightly wounded)
The magic dart hits Ijyb.
Ijyb is lightly wounded.
Ijyb zaps a wand.
The bolt of cold hits you!
Ouch! That really hurt!
* * * LOW HITPOINT WARNING * * *
It is a wand of cold.
Ijyb zaps a wand.
The bolt of cold hits you!
Ouch! That really hurt!
You die...

#.####.#.#
###.#.### #
#.......# ##
.#.##...#.#.#
.+
.'........#.#
##
#.##...#.#.#
#.##..##.#.#
#..........#
#####@######
#.# #.#
...$..g.#
#.#######


You could see Ijyb.

Vanquished Creatures
  Jessica (D:3)
  Natasha (twice) (D:3)
  Robin (D:2)
  2 adders (D:2)
  A gnoll (D:1)
  2 worms (D:2)
  A giant gecko (D:3)
  A giant cockroach (D:2)
  12 goblins
  6 hobgoblins
  2 jackals (D:2)
  A ball python (D:1)
  6 bats
  4 giant newts
  3 kobolds (D:1)
  A quokka (D:2)
  4 rats (D:1)
50 creatures vanquished.

Notes
Turn   | Place    | Note
--------------------------------------------------------------
     0 | D:1      | tp1 the Deep Elf Conjurer began the quest for the Orb.
     0 | D:1      | Reached XP level 1. HP: 10/10 MP: 6/6
    80 | D:1      | Reached XP level 2. HP: 15/15 MP: 1/8
    87 | D:1      | Reached skill level 5 in Conjurations
   157 | D:1      | Learned a level 2 spell: Searing Ray
   692 | D:2      | Reached XP level 3. HP: 19/19 MP: 7/9
   887 | D:2      | Noticed Robin
  1276 | D:2      | Killed Robin
  1281 | D:2      | Reached XP level 4. HP: 20/24 MP: 0/12
  1678 | D:2      | Found a white marble altar of Elyvilon.
  1717 | D:2      | Found a blossoming altar of Fedhas.
  1841 | D:3      | Noticed Natasha
  1854 | D:2      | Learned a level 4 spell: Iskenderun's Mystic Blast
  1952 | D:3      | Killed Natasha
  1952 | D:3      | Reached skill level 5 in Spellcasting
  2083 | D:3      | Noticed Natasha
  2087 | D:3      | Killed Natasha
  2399 | D:3      | Noticed Jessica
  2400 | D:3      | Killed Jessica
  2400 | D:3      | Reached skill level 6 in Spellcasting
  2400 | D:3      | Reached XP level 5. HP: 28/28 MP: 9/15
  2403 | D:3      | Learned a level 1 spell: Magic Dart
  2426 | D:3      | Noticed Ijyb
  2430 | D:3      | Killed from afar by Ijyb

Vault maps used:
D:1:      ncdulo_watergridlock, st_stairs_11
D:2:      overflow_temple_1_default, first_bread, elyvilon_altar_4, uniq_robin
D:3:      minmay_fountain_box, lemuel_tele_altar, uniq_iyjb, uniq_jessica,
          uniq_natasha

Action                   |  1- 3 |  4- 6 || total
-------------------------+-------+-------++-------
Melee: Unarmed           |     1 |     3 ||     4
 Cast: Magic Dart        |    73 |    23 ||    96
       Searing Ray       |     1 |     2 ||     3
       Iskenderun's Myst |       |     8 ||     8
  Use: Potion            |     1 |     3 ||     4
       Scroll            |       |     5 ||     5
  Eat: Bread ration      |     1 |     1 ||     2
